 Dungeon Crawl Stone Soup version 0.29-b1-12-g9e2288ab2a (webtiles) character file.

Game seed: 12013918288298568406

40 Zeldest the Sneak (level 3, -7/33 HPs)
             Began as a Naga Wanderer on Aug 23, 2022.
             Mangled by a gnoll
             ... wielding a +0 whip
              (8 damage)
             ... on level 3 of the Dungeon.
             The game lasted 00:06:48 (777 turns).

Zeldest the Sneak (Naga Wanderer)                    Turns: 777, Time: 00:06:49

Health: -7/33      AC:  2    Str: 13    XL:     3   Next: 50%
Magic:  1/4        EV:  8    Int: 12    God:
Gold:   63         SH:  0    Dex: 13    Spells: 3/4 levels left

rFire   . . .      SeeInvis +   a - +3 dagger
rCold   . . .      Faith    .   (no shield)
rNeg    . . .      Spirit   .   d - +0 leather armour
rPois   +          Reflect  .   (no helmet)
rElec   .          Harm     .   (no cloak)
rCorr   .          Rampage  .   (no gloves)
Will    .....                   (no barding)
Stlth   +++.......              (no amulet)
HPRegen 0.11/turn               (no ring)
MPRegen 0.09/turn               (no ring)

@: short of breath, very slow
A: AC +1, large, see invisible, deformed body, poison resistance, slowness 2,
spit poison 1, naga tail 1
a: Spit Poison


You were on level 3 of the Dungeon.
You visited 1 branch of the dungeon, and saw 3 of its levels.

You collected 63 gold pieces.

Inventory:

Hand Weapons
 a - a +3 dagger (weapon)
 h - a +0 whip of venom
Armour
 d - a +0 leather armour (worn)
Jewellery
 j - a ring of resist corrosion
Wands
 n - a wand of paralysis (4)
Scrolls
 c - a scroll of fear
 f - 4 scrolls of identify {unknown}
 k - a scroll of noise {unknown}
 o - 2 scrolls of enchant armour {unknown}
Potions
 b - a potion of haste
 e - 2 potions of mutation {unknown}
 g - a potion of cancellation {unknown}
 i - a potion of heal wounds {unknown}
 l - a potion of lignification {unknown}
 m - a potion of magic {unknown}


   Skills:
 + Level 2.5 Fighting
 - Level 1.0 Short Blades
 - Level 1.0 Armour
 - Level 7.2 Stealth
 + Level 1.1 Spellcasting
 + Level 0.3 Conjurations
 - Level 2.1 Necromancy
 + Level 0.3 Earth Magic


You had 3 spell levels left.
You knew the following spells:

 Your Spells              Type           Power      Damage    Failure   Level
a - Necrotise             Necr           20%        1d5       16%         1

Your spell library contained the following spells:

 Spells                   Type           Power      Damage    Failure   Level
 Sandblast                Erth           2%         2d4       32%         1
 Slow                     Hex            0%         N/A       36%         1
 Vampiric Draining        Necr           5%         2d6       43%         3
 Passwall                 Tmut/Erth      0%         N/A       47%         2
 Stone Arrow              Conj/Erth      2%         3d7       69%         3
 Confusing Touch          Hex            0%         N/A       75%         3


Dungeon Overview and Level Annotations

Branches:
Dungeon (3/15)

Altars:


Innate Abilities, Weirdness & Mutations

Your serpentine skin is tough. (AC +1)
You have supernaturally acute eyesight. (SInv)
Armour fits poorly on your strangely shaped body.
Your system is resistant to poisons. (rPois)
You cover ground very slowly.
You can spit poison.
You have a snake-like lower body.


Message History

Found a +0 club and a scroll labelled VICASCH NEWUGAJIENG.
Your bat skeleton crumbles into dust!
You see here 4 stones.
You see here 4 stones.
Aiming: Spit Poison (2% risk of failure)
Press: ? - help, Q - select action, (/) - cycle Shift-Dir - straight line, f - gnoll
Aim: a gnoll, wielding a +0 whip (65% to hit)
The splash of poison misses the gnoll.
The gnoll barely misses you.
Casting: Necrotise (safe; 16% risk of failure)
Confirm with . or Enter, or press ? or * to list all spells.
Okay, then.
You hit the gnoll.
The gnoll is moderately wounded.
The gnoll barely misses you.
You hit the gnoll but do no damage.
The gnoll is moderately wounded.
The gnoll hits you with a +0 whip.
You hit the gnoll.
The gnoll is moderately wounded.
The gnoll hits you with a +0 whip.
* * * LOW HITPOINT WARNING * * *
Casting: Necrotise (safe; 16% risk of failure)
Confirm with . or Enter, or press ? or * to list all spells.
Aiming: Necrotise (safe; 16% risk of failure)
Press: ? - help, Shift-Dir - straight line, f/p - gnoll
Aim: a gnoll, wielding a +0 whip (moderately wounded, chance to affect: 59%)
The gnoll resists with significant effort.
The gnoll barely misses you.
You hit the gnoll.
The gnoll is heavily wounded.
The gnoll hits you with a +0 whip!
* * * LOW HITPOINT WARNING * * *
Casting: Necrotise (safe; 16% risk of failure)
Confirm with . or Enter, or press ? or * to list all spells.
Aiming: Necrotise (safe; 16% risk of failure)
Press: ? - help, Shift-Dir - straight line, f/p - gnoll
Aim: a gnoll, wielding a +0 whip (heavily wounded, chance to affect: 59%)
The gnoll writhes in agony.
The gnoll hits you with a +0 whip!
You die...

#...=.# #<..+ ....
##### .... . .?. ###
#.# #.. ..####
).####.# #....# .
...#.####....#..
#.#.#.........
#####.g@..##.... .
#.....#...#..####.###
#.....#.#.)>....#....
#.....#.#.##.....####
#.......#.##.........
#.....#.#.##.†...####
#######.#.##.....#
#.#......######
#.#####........


You could see a gnoll.

Vanquished Creatures
  A gnoll (D:2)
  A dart slug (D:1)
  3 bats
  An endoplasm (D:1)
  4 giant cockroaches
  A goblin (D:1)
  3 jackals (D:1)
  5 kobolds (D:1)
  A quokka (D:1)
  2 frilled lizards
  2 rats
24 creatures vanquished.

Vanquished Creatures (collateral kills)
  A jackal (D:1)
1 creature vanquished.

Grand Total: 25 creatures vanquished

Notes
Turn   | Place    | Note
-------+----------+-------------------------------------------
     0 | D:1      | Zeldest the Naga Wanderer began the quest for the Orb.
     0 | D:1      | Zeldest set off with the following items: a +3 dagger, a
                  | potion of haste, a scroll of fear, a +0 leather armour; and
                  | the following spell memorised: Necrotise; and the following
                  | spells available to memorise: Vampiric Draining.
     0 | D:1      | Reached XP level 1. HP: 19/19 MP: 2/2
    82 | D:1      | Reached XP level 2. HP: 22/26 MP: 1/3
   247 | D:1      | Reached skill level 1 in Short Blades
   337 | D:1      | Reached XP level 3. HP: 28/33 MP: 4/4
   776 | D:3      | HP: 1/33 [gnoll/+0 whip (9)]
   777 | D:3      | Mangled by a gnoll

Illustrated notes

Levels and vault maps discovered:
D:1:      dpeg_arrival_rhombus, layout_basic, minmay_misc_feat_room,
          skrybe_limestone_x, minmay_crystal_water, solitary_fountain
D:2:      layout_basic
D:3:      layout_basic, palyth_temple_overflow_mages

Skill      XL: |  1  2 |
---------------+-------+-----
Short Blades   | 1 |  1.0
Necromancy     | 2 |  2.1
Fighting       | |  2.5
Armour         | |  1.0
Stealth        | |  7.2
Spellcasting   | |  1.1
Conjurations   | |  0.3
Earth Magic    | |  0.3

Action                   || total
-------------------------++-------
Melee: Dagger            ||    46
 Cast: Necrotise         ||    17
 Abil: Spit Poison       ||    11
 Stab: Sleeping          ||     1
Armor: Leather armour    ||    16
Dodge: Dodged            ||    18
